Map: Temple of the Past

Players

CeaselessDC

  • Race: Protoss Protoss

BanhMiOpla

  • Race: Terran Terran

VOD

Have the link to the VOD?

Description

Time

  • Played on: Dec. 15, 2025, 5:52 p.m.
  • Length: 26:59
Show
View Real Time Build Order
Export as new Build Order

CeaselessDC Protoss 

Build Orders:  

Get SALT Encoding   

    0:15  Probe x12 (Chrono Boost)  
    0:29  Unknown x3  
  12  0:32  Probe (Chrono Boost)  
  13  0:46  Probe (Chrono Boost)  
  14  1:00  Probe (Chrono Boost)  
  14  1:04  Pylon  
  15  1:19  Assimilator  
  15  1:28  Probe (Chrono Boost)  
  16  1:39  Assimilator  
  15  1:42  Probe (Chrono Boost)  
  16  1:50  Mothership  
  16  1:56  Probe (Chrono Boost)  
  17  2:10  Probe (Chrono Boost)  
  18  2:24  Probe (Chrono Boost)  
  19  2:37  Pylon  
  19  2:38  Probe (Chrono Boost)  
  19  2:51  Probe (Chrono Boost)  
  20  3:05  Probe (Chrono Boost)  
  21  3:19  Probe (Chrono Boost)  
  22  3:33  Probe (Chrono Boost)  
  23  3:47  Probe (Chrono Boost)  
  24  4:01  Probe (Chrono Boost)  
  24  4:02  Pylon  
  25  4:15  Probe (Chrono Boost)  
  26  4:29  Probe (Chrono Boost)  
  33  4:42  Probe (Chrono Boost)  
  33  4:44  Gateway  
  34  4:56  Probe (Chrono Boost)  
  35  5:10  Probe (Chrono Boost)  
  36  5:27  Probe (Chrono Boost)  
  37  5:41  Probe (Chrono Boost)  
  38  5:54  Probe (Chrono Boost)  
  39  6:05  Cybernetics Core  
  39  6:10  Forge  
  39  6:13  Pylon, Probe (Chrono Boost)  
  39  6:14  Pylon  
  33  6:27  Probe (Chrono Boost)  
  34  6:41  Probe (Chrono Boost)  
  35  6:56  Nexus  
  35  7:00  Warp Gate  
  35  7:12  Probe (Chrono Boost)  
  36  7:26  Probe (Chrono Boost)  
  36  7:29  Supplicant x2  
  41  7:52  Mothership  
  41  7:59  Probe (Chrono Boost)  
  42  8:12  Probe (Chrono Boost)  
  43  8:26  Protoss Air Weapons Level 1, Protoss Ground Weapons Level 1  
  43  8:29  Probe (Chrono Boost)  
  44  8:34  Cloaking Module  
  44  8:35  Supplicant x2  
  48  8:43  Probe (Chrono Boost)  
  48  8:44  Robotics Facility  
  48  8:46  Gateway  
  49  8:57  Probe x2 (Chrono Boost)  
  45  9:10  Supplicant x2, Probe (Chrono Boost)  
  45  9:12  Pylon  
  45  9:14  Pylon  
  48  9:20  Probe (Chrono Boost)  
  48  9:24  Probe (Chrono Boost)  
  50  9:30  Pylon  
  50  9:34  Probe (Chrono Boost)  
  51  10:01  Pylon  
  48  10:40  Probe (Chrono Boost)  
  48  10:41  Protoss Shields Level 1, Probe (Chrono Boost)  
  48  10:45  Supplicant x2  
  48  10:46  Supplicant x2  
  58  10:52  Warp Prism  
  60  11:02  Assimilator  
  60  11:04  Assimilator  
  60  11:16  Death Council  
  60  11:20  Pylon  
  60  11:21  Pylon  
  53  11:31  Supplicant x4  
  61  11:43  Gateway  
  61  11:51  Warp Prism  
  61  11:54  Warp Prism  
  61  11:57  Havoc, Supplicant x2  
  66  12:00  Gateway x2  
  66  12:09  Warp Prism  
  66  12:19  Havoc  
  67  12:20  Pylon  
  67  12:24  Pylon  
  67  12:26  Pylon  
  67  12:30  Pylon  
  67  12:36  Supplicant x2  
  71  12:46  Protoss Air Weapons Level 2, Protoss Ground Weapons Level 2  
  71  12:56  Supplicant x2  
  75  13:05  Phasing Armor  
  73  13:12  Pylon  
  73  13:15  Pylon  
  73  13:17  Slayer x5  
  71  13:56  Mothership  
  71  13:58  Supplicant x6  
  71  13:59  Supplicant x4  
  89  14:25  Pylon  
  89  14:39  Pylon  
  89  14:43  Pylon  
  89  14:55  Slayer x3  
  89  14:56  Slayer x2  
  71  15:21  Protoss Shields Level 2  
  71  15:24  Robotics Bay  
  71  15:33  Supplicant x2  
  71  15:36  Supplicant x2  
  71  15:37  Slayer  
  71  15:38  Slayer  
  71  15:39  Havoc  
  84  16:09  Pylon  
  84  16:21  Pylon  
  84  16:44  Slayer x2  
  84  16:49  Supplicant x2  
  92  16:51  Havoc  
  92  16:54  Bloodshard Resonance  
  96  17:07  Pylon  
  102  17:55  Protoss Ground Weapons Level 3, Protoss Air Weapons Level 3  
  102  17:56  Probe (Chrono Boost)  
  103  18:13  Probe (Chrono Boost)  
  103  18:18  Pylon  
  104  18:23  Pylon  
  104  18:24  Pylon, Detect Weakness  
  104  18:27  Pylon  
  104  18:32  Pylon  
  104  18:35  Pylon  
  128  19:30  Supplicant x6  
  140  19:55  Pylon  
  140  20:00  Pylon  
  140  20:04  Pylon  
  140  20:07  Havoc  
  140  20:08  Supplicant x8  
  157  20:25  Pylon  
  157  20:29  Pylon  
  157  20:32  Pylon  
  156  20:58  Havoc  
  146  21:38  Supplicant x2  
  146  21:39  Supplicant x4  
  151  22:20  Probe (Chrono Boost)  
  151  22:37  Pylon  
  151  22:38  Pylon  
  151  22:40  Pylon  
  151  22:42  Pylon  
  151  22:45  Pylon  
  151  22:47  Pylon  
  151  22:48  Pylon  
  151  22:51  Pylon x2  
  151  23:05  Probe (Chrono Boost)  
  79  23:52  Supplicant x4  
  79  23:53  Supplicant x6  
  99  24:16  Supplicant x2  
  99  24:17  Havoc x2, Supplicant x2  
  99  24:18  Supplicant x2  
  119  24:40  Supplicant x6  
  101  25:22  Supplicant x2  
  101  25:23  Supplicant x6  
  119  25:41  Havoc  
  119  25:44  Havoc x2  
Show
View Real Time Build Order
Export as new Build Order

BanhMiOpla Terran 

Build Orders:  

Get SALT Encoding   

    0:12  SCV x12  
    0:29  Unknown x2, Command Center  
  11  1:11  SCV  
  12  1:28  SCV  
  13  1:37  Gunslingers Hideout  
  13  1:45  SCV  
  14  2:02  SCV  
  13  2:19  SCV  
  14  2:36  SCV  
  15  2:53  SCV  
  15  2:55  Refinery  
  15  2:57  Refinery  
  20  3:10  SCV  
  17  3:26  SCV  
  18  3:31  Tychus, Unknown  
  17  3:43  SCV  
  18  4:00  SCV  
  18  4:08  Unknown, Crooked Sam  
  29  4:17  SCV  
  29  4:34  SCV  
  30  4:51  SCV  
  31  5:01  Engineering Bay  
  31  5:08  SCV  
  32  5:25  SCV  
  33  5:42  SCV  
  33  5:49  Outlaw Life and Armor Level 1  
  34  5:59  SCV  
  35  6:16  SCV  
  36  6:21  Command Center  
  36  6:33  SCV  
  37  6:50  SCV  
  38  7:07  SCV  
  39  7:13  Medivac Platform  
  39  7:33  Medivac Platform  
  39  7:48  SCV  
  40  7:53  ITC-E Triggers  
  40  8:05  SCV  
  41  8:16  Medivac Platform  
  41  8:19  SCV  
  42  8:22  SCV  
  42  8:24  Refinery  
  43  8:30  Refinery  
  43  8:36  SCV  
  43  8:39  SCV  
  45  9:12  SCV  
  45  9:17  SCV  
  47  9:29  SCV  
  48  9:34  SCV  
  48  9:36  Outlaw Life and Armor Level 2  
  49  9:47  Unknown, James Sirius Sykes  
  59  10:01  SCV  
  59  10:07  Medivac Platform  
  60  10:18  SCV  
  61  11:25  Kel-Morian Ripper Rounds  
  61  11:37  SCV  
  62  11:50  SCV  
  62  11:54  SCV  
  64  12:07  Medivac Platform  
  64  12:11  SCV  
  65  12:28  SCV  
  66  12:44  SCV  
  67  13:01  Outlaw Life and Armor Level 3  
  67  13:13  Engineering Bay  
  67  13:38  Vanadium Shell  
  67  13:39  KD9a Implosion Core  
  67  14:13  LarsCorp G7 Charges  
  67  14:18  Outlaw Weapons Level 1  
  67  15:22  Fixers Safehouse  
  67  15:32  SA-55 Thunderbolt Missiles  
  67  15:38  Moebius M34 Terror Rounds  
  67  15:46  Outlaw Life and Armor Level 4  
  67  16:56  Procyon Shade Suit  
  67  17:03  D99 Detonator  
  67  17:36  Outlaw Weapons Level 2  
  67  18:02  Nux, Unknown  
  77  18:23  Engineering Bay  
  77  18:34  Engineering Bay  
  77  18:53  Outlaw Life and Armor Level 5  
  77  19:15  T4 Cloudburst Shells  
  77  20:02  Outlaw Weapons Level 3  
  77  20:07  Crystalline Amplifiers  
  77  21:29  Moebius Restraint Matrix  
  77  21:30  Ultrasonic Boosters  
  77  22:28  Engineering Bay  
  77  22:30  Vega, Unknown  
  87  22:59  Engineering Bay  
  87  23:02  Outlaw Weapons Level 4  
  87  23:04  Big Red Button  
  87  23:53  Psi Projector  
  87  25:22  Moebius Psionic Motivator  
  87  25:23  Neural Disruption Device  
Tags
 
Add a new tag
Caveats
  • Supply blocks, unpowered buildings, or Contaminate may cause inaccurate times.
  • Supply counts are checked every 10 seconds.